 Dungeon Crawl Stone Soup version 0.29-a0-721-g7f417c9bbb (webtiles) character file.

Game seed: 35334360117378762

331321 magipi the Grand Scion (level 21, -63/171 HPs)
             Began as a Minotaur Brigand on June 26, 2022.
             Was a High Priest of Hepliaklqana.
             Killed from afar by an ancient lich (68 damage)
             ... with a crystal spear
             ... on level 1 of the Depths on June 27, 2022.
             The game lasted 03:41:36 (61742 turns).

magipi the Grand Scion (Minotaur Brigand)          Turns: 61742, Time: 03:41:36

Health: -63/171    AC: 28    Str: 23    XL:     21   Next: 19%
Magic:  30/33      EV: 16    Int: 12    God:    Hepliaklqana [*****.]
Gold:   3782       SH: 20    Dex: 16    Spells: 20/20 levels left

rFire   + + .      SeeInvis +   a - +12 lance "Wyrmbane" {slay drac, rPois rF+ rC+ AC+3}
rCold   + + .      Faith    .   l - +2 kite shield {AC+3}
rNeg    . . .      Spirit   .   m - +6 plate armour of Rukheq {Will+}
rPois   +          Reflect  +   f - +2 hat {SInv}
rElec   +          Harm     .   D - +1 cloak
rCorr   +          Rampage  .   O - +1 pair of gloves
Will    ++...                   B - -1 pair of boots of Instinct {Drain rElec Int+4}
Stlth   ..........              r - amulet of reflection
HPRegen 0.38/turn               s - +4 ring of slaying
MPRegen 0.23/turn               v - +4 ring of evasion

@: resistant, corroded, studying Polearms
A: reduced essence, horns 2, retaliatory headbutt, screaming 1
}: 1/15 runes: gossamer
a: Renounce Religion, Recall Ancestor, Ancestor Identity, Transference, Idealise


You were on level 1 of the Depths.
You worshipped Hepliaklqana.
Hepliaklqana was extremely pleased with you.
You visited 9 branches of the dungeon, and saw 40 of its levels.
You visited the Abyss 1 time.
You also visited: Ice Cave.

You collected 5967 gold pieces.
You spent 2185 gold pieces at shops.

Inventory:

Hand Weapons
 a - the +12 lance "Wyrmbane" (weapon) {slay drac, rPois rF+ rC+ AC+3}
   (You took it off a deep elf death mage on level 3 of the Elven Halls)

   It inflicts extra damage against dragons and draconians.
   AC:        It affects your AC (+3).
   rF:        It protects you from fire.
   rC:        It protects you from cold.
   rPois:     It protects you from poison.
 b - a +4 vampiric demon whip
   (You took it off Asterion on level 3 of the Spider Nest)
 K - a +2 dagger of venom
   (You took it off Dowan on level 5 of the Dungeon)
Missiles
 H - 10 boomerangs
 I - 3 silver boomerangs
 P - 4 javelins (quivered)
 Q - 8 curare-tipped darts
 T - 6 datura-tipped darts
 V - 3 throwing nets
Armour
 f - a +2 hat of see invisible (worn)
   (You found it on level 3 of the Elven Halls)
 l - a +2 kite shield of protection (worn)
   (You took it off Donald on level 2 of the Vaults)
 m - the +6 plate armour of Rukheq (worn) {Will+}
   (You found it on level 3 of the Elven Halls)

   Will:      It increases your willpower.
 B - the -1 pair of boots of Instinct (worn) {Drain rElec Int+4}
   (You found it on level 3 of the Swamp)

   Int:       It affects your intelligence (+4).
   rElec:     It insulates you from electricity.
   Drain:     It drains your maximum health when unequipped.
 D - a +1 cloak (worn)
   (You found it on level 2 of the Swamp)
 O - a +1 pair of gloves (worn)
   (You found it on level 11 of the Dungeon)
Jewellery
 n - a ring of positive energy
   (You found it on level 1 of the Dungeon)
 o - the ring "Abirghash" {rC+ rCorr Int+4 SInv}
   (You found it on level 1 of the Elven Halls)

   [ring of resist corrosion]

   Int:       It affects your intelligence (+4).
   rC:        It protects you from cold.
   SInv:      It lets you see invisible.
   rCorr:     It protects you from acid and corrosion.
 r - an amulet of reflection (around neck)
   (You found it on level 11 of the Dungeon)
 s - a +4 ring of slaying (left hand)
   (You found it on level 15 of the Dungeon)
 v - a +4 ring of evasion (right hand)
   (You found it on level 4 of the Lair of Beasts)
Wands
 d - a wand of digging (19)
   (You found it on level 6 of the Dungeon)
 t - a wand of iceblast (23)
   (You found it on level 2 of the Spider Nest)
 u - a wand of polymorph (32)
   (You took it off Ijyb on level 3 of the Dungeon)
 y - a wand of paralysis (22)
   (You found it on level 11 of the Dungeon)
 J - a wand of flame (127)
   (You took it off Grinder on level 6 of the Dungeon)
Scrolls
 e - 2 scrolls of fog
 h - 2 scrolls of teleportation
 i - 3 scrolls of enchant weapon
 k - 4 scrolls of blinking
 x - 7 scrolls of immolation
 z - 5 scrolls of magic mapping
 E - 11 scrolls of fear
 G - 2 scrolls of summoning
 Y - 2 scrolls of silence
Potions
 c - a potion of magic
 g - a potion of invisibility
 j - a potion of heal wounds
 p - 3 potions of ambrosia
 q - 6 potions of resistance
 w - 2 potions of berserk rage
 C - 5 potions of flight
 F - 2 potions of cancellation
 L - 3 potions of haste
 M - 4 potions of mutation
 N - 18 potions of curing
 U - 3 potions of lignification
 X - 4 potions of might
Miscellaneous
 A - a tin of tremorstones (inert)
   (You found it on level 2 of the Vaults)
 R - a phantom mirror
   (You found it on level 3 of the Vaults)
 S - a lightning rod (4/4)
   (You found it on level 1 of the Lair of Beasts)


   Skills:
 - Level 17.0 Fighting
 - Level 2.1(3.5) Short Blades
 - Level 4.8(5.1) Long Blades
 - Level 6.0(13.8) Axes
 - Level 12.0(12.5) Maces & Flails
 - Level 15.5(16.0) Polearms
 + Level 12.6 Throwing
 - Level 15.0 Armour
 - Level 13.0 Dodging
 - Level 3.2 Stealth
 + Level 14.8 Shields
 + Level 18.2 Invocations
 - Level 15.0 Evocations


You had 20 spell levels left.
You didn't know any spells.
Your spell library contained the following spells:

 Spells                   Type           Power      Damage    Failure   Level
 Apportation              Tloc           0%         N/A       99%         1
 Magic Dart               Conj           0%         1d3       99%         1
 Necrotize                Necr           0%         1d4       99%         1
 Sandblast                Erth           0%         2d4       99%         1
 Slow                     Hex            0%         N/A       99%         1
 Summon Small Mammal      Summ           0%         N/A       99%         1
 Blink                    Tloc           0%         N/A       100%        2
 Passwall                 Tmut/Erth      0%         N/A       100%        2
 Scorch                   Fire           0%         2d5       100%        2
 Searing Ray              Conj           0%         2d4       100%        2
 Sublimation of Blood     Necr           0%         N/A       100%        2
 Confusing Touch          Hex            0%         N/A       100%        3
 Conjure Flame            Conj/Fire      0%         6-21      100%        3
 Frozen Ramparts          Ice            0%         1d2       100%        3
 Ignite Poison            Fire/Tmut/Pois 0%         N/A       100%        3
 Lesser Beckoning         Tloc           0%         N/A       100%        3
 Mephitic Cloud           Conj/Pois/Air  0%         N/A       100%        3
 Stone Arrow              Conj/Erth      0%         3d7       100%        3
 Summon Guardian Golem    Hex/Summ       0%         N/A       100%        3
 Tukima's Dance           Hex            0%         N/A       100%        3
 Vampiric Draining        Necr           0%         2d6       100%        3
 Corpse Rot               Necr/Pois/Air  0%         N/A       100%        4
 Dispel Undead            Necr           0%         3d6       100%        4
 Fulminant Prism          Conj/Hex       0%         3d6       100%        4
 Hailstorm                Conj/Ice       0%         3d3       100%        4
 Iskenderun's Mystic Bla  Conj/Tloc      0%         2d3       100%        4
 Leda's Liquefaction      Hex/Erth       0%         N/A       100%        4
 Passage of Golubria      Tloc           0%         N/A       100%        4
 Petrify                  Tmut/Erth      0%         N/A       100%        4
 Sticky Flame             Conj/Fire      0%         2d3       100%        4
 Summon Ice Beast         Ice/Summ       0%         N/A       100%        4
 Alistair's Intoxication  Tmut/Pois      0%         N/A       100%        5
 Borgnjor's Vile Clutch   Necr/Erth      0%         N/A       100%        5
 Fireball                 Conj/Fire      0%         3d3       100%        5
 Freezing Cloud           Conj/Ice/Air   0%         6-21      100%        5
 Irradiate                Conj/Tmut      0%         3d13      100%        5
 Iskenderun's Battlesphe  Conj           0%         2d6       100%        5
 Lee's Rapid Deconstruct  Erth           0%         3d5*      100%        5
 Manifold Assault         Tloc           0%         N/A       100%        5
 Summon Mana Viper        Hex/Summ       0%         N/A       100%        5
 Yara's Violent Unravell  Hex/Tmut       0%         3d3       100%        5
 Conjure Ball Lightning   Conj/Air       0%         3x3d6     100%        6
 Death Channel            Necr           0%         N/A       100%        6
 Eringya's Noxious Bog    Tmut/Pois      0%         N/A       100%        6
 Iron Shot                Conj/Erth      0%         9d1       100%        6
 Statue Form              Tmut/Erth      0%         N/A       100%        6
 Enfeeble                 Hex            0%         N/A       100%        7
 Monstrous Menagerie      Summ           0%         N/A       100%        7
 Orb of Destruction       Conj           0%         9d5       100%        7
 Ozocubu's Refrigeration  Ice            0%         4d5       100%        7
 Spellforged Servitor     Conj/Summ      0%         N/A       100%        7
 Borgnjor's Revivificati  Necr           0%         N/A       100%        8
 Necromutation            Tmut/Necr      0%         N/A       100%        8
 Chain Lightning          Conj/Air       0%         N/A       100%        9
 Death's Door             Necr           0%         N/A       100%        9
 Fire Storm               Conj/Fire      0%         5d1       100%        9
 Shatter                  Erth           0%         3d5*      100%        9


Dungeon Overview and Level Annotations

Branches:
Dungeon (15/15)            Temple (1/1) D:4            Lair (6/6) D:9
  Swamp (4/4) Lair:2       Spider (4/4) Lair:2        Slime (0/5) Lair:6
    Orc (2/2) D:10            Elf (3/3) Orc:2        Vaults (4/5) D:14
  Crypt (0/3) Vaults:2     Depths (1/4) D:15          IceCv (visited)

Altars:
Ashenzari
Cheibriados
Dithmenos
Elyvilon
Fedhas
Gozag
Hepliaklqana
Kikubaaqudgha
Makhleb
Nemelex Xobeh
Okawaru
Qazlal
Ru
Sif Muna
Trog
Uskayaw
Vehumet
Wu Jian
Xom
Yredelemnul
Zin
The Shining One
Jiyva

Shops:
D:1 =   D:8 :   D:9 *?[?:   D:12 =   Orc:1 !   Orc:2 [*(*   Elf:3 *
Vaults:1 [

Portals:
Hell: Depths:1
Pandemonium: Depths:1

Annotations:
Lair:3 2 transporters, Ririga's ghost, journeyman TrHW
Swamp:2 2 transporters, eyesofgods1's ghost, adept DsMo
Swamp:4 Bai Suzhen
Elf:2 3 runed translucent doors


Innate Abilities, Weirdness & Mutations

Your life essence is reduced to manifest your ancestor. (-10% HP)
You have a pair of horns on your head.
You reflexively headbutt those who attack you in melee.
You occasionally shout uncontrollably at your foes.


Message History

The deep elf sorcerer gestures at Bohike while chanting.
The bolt of acid hits Bohike!
Bohike mumbles some strange words.
The deep elf sorcerer resists with almost no effort.
You impale the deep elf sorcerer!!
You kill the deep elf sorcerer!
No target in view!
Unknown command.
Things that are here:
a +0 long sword; a +0 leather armour You see here a +0 dagger.
Ancestor HP restored.
Things that are here:
a +2 bardiche; a +0 plate armour Unknown command.
Bohike is no longer moving quickly.
Items here: ( ) [[.
Unknown command.
There is an open door here.
You swap places.
There is an open door here.
There is an open door here.
You swap places.
There is an open door here.
You swap places.
An ancient lich comes into view.
The ancient lich shouts!
You start waiting.
An ancient lich is nearby!
You reach to attack!
You hit the ancient lich.
The ancient lich is lightly damaged.
The ancient lich points at you and mumbles some strange words.
The bolt of acid hits Bohike!
The acid corrodes Bohike!
The bolt of acid hits you!!! The acid corrodes you!
Unknown command.
You reach to attack!
You puncture the ancient lich!
The ancient lich is lightly damaged.
Bohike hits the ancient lich but does no damage.
Unknown command.
Unknown command.
You reach to attack!
You hit the ancient lich.
The ancient lich is lightly damaged.
Bohike hits the ancient lich with a +0 dagger of draining.
The ancient lich casts a spell.
The ancient lich seems to speed up.
Bohike closely misses the ancient lich.
Unknown command.
You reach to attack!
You impale the ancient lich!!
The ancient lich is moderately damaged.
Bohike gestures wildly while chanting.
Bohike seems to speed up.
The ancient lich gestures at you while chanting.
The bolt of acid hits Bohike!!!
Bohike seems to be corroded for longer.
The bolt of acid hits you!!!!
Ouch! That really hurt!
* * * LOW HITPOINT WARNING * * *
The acid corrodes you!
You feel much better.
Bohike hits the ancient lich but does no damage.
The ancient lich barely misses Bohike.
Bohike barely misses the ancient lich.
Unknown command.
Unknown command.
Unknown command.
Hepliaklqana grants Bohike healing and protection!
Bohike is fully restored!
Bohike hits the ancient lich with a +0 dagger of draining!
The ancient lich casts a spell.
The ancient lich flickers and vanishes for a moment.
Bohike hits the ancient lich with a +0 dagger of draining!
The ancient lich casts a spell at you.
The crystal spear hits Bohike!!!
Bohike completely misses the ancient lich.
Unknown command.
Unknown command.
Unknown command.
Unknown command.
You feel protected.
Bohike hits the ancient lich with a +0 dagger of draining.
The ancient lich touches Bohike!
Bohike hits the ancient lich with a +0 dagger of draining!!
Bohike hits the ancient lich but does no damage.
Unknown command.
Unknown command.
Bohike hits the ancient lich with a +0 dagger of draining!!
The ancient lich touches Bohike but does no damage.
Bohike closely misses the ancient lich.
The ancient lich touches Bohike!
Bohike closely misses the ancient lich.
Bohike closely misses the ancient lich.
The ancient lich casts a spell at Bohike.
The crystal spear hits Bohike!!!
Bohike is destroyed!
There is an escape hatch in the floor here.
The tremorstone explodes into fragments!
The burst of rock shards engulfs the ancient lich but does no damage. x5
The tin is emptied!
The ancient lich points at you and mumbles some strange words.
The crystal spear hits you!!!
* * * LOW HITPOINT WARNING * * *
The ancient lich points at you and mumbles some strange words.
The crystal spear hits you!!!
You die...

##...## #.....................
#...≈≈###....................#
#.............#.#.....).......
#≈≈≈≈≈≈≈##....####.............
##.#########..)##..............
#.# ##.....[(............. #.#
###....................≈
#.#####....####..#.#..#.....≈≈
#.#>.##...##.@#).#....#.....≈≈
#.#(..#...#...#.....####....≈.
#.##.'#...#..##..#.###........
#..###....L###......#........≈
#...............≈...###.......
#......)⌠.............#.......
##.......(..)..#.####'########
#####...))####.≈..###.≈≈≈≈≈≈≈
##.'#..)#))##...## #≈.......


You could see an ancient lich (fast, invisible).

Vanquished Creatures
  A juggernaut (Depths:1)
  A golden dragon (Depths:1)
  A bone dragon (Abyss:4)
  A tentacled monstrosity (Swamp:4)
  A lich (Vaults:2)
  2 deep elf master archers
  2 deep elf blademasters (Elf:3)
  A tentacled starspawn (Abyss:3)
  A sphinx (Vaults:4)
  3 thorn hunters
  Donald (Vaults:2)
  8 deep elf sorcerers
  A frost giant (Depths:1)
  4 emperor scorpions
  2 ghost moths
  An iron dragon (Depths:1)
  2 fire giants
  2 orc warlords
  3 vault wardens
  A deep elf elementalist (Elf:3)
  7 ironbound preservers
  5 broodmothers
  4 very ugly things
  A reaper (IceCv)
  2 vampire knights (Depths:1)
  6 ironbound thunderhulks
  4 eleionomae
  6 stone giants
  6 deep elf demonologists
  2 entropy weavers (Spider:2)
  A spark wasp (Spider:3)
  4 bunyips
  2 deep elf annihilators
  10 dire elephants
  2 deep elf death magi (Elf:3)
  A crystal guardian (Vaults:3)
  3 ettins (Depths:1)
  A shambling mangrove (Swamp:1)
  4 deep elf high priests
  3 great orbs of eyes
  2 fire dragons
  6 yaktaur captains
  2 rakshasas
  4 boulder beetles
  3 peacekeepers
  A vault guard (Vaults:1)
  A ghost crab (Swamp:3)
  An ice dragon (Lair:6)
  10 hydras
  2 catoblepae (Lair:6)
  2 ogre magi (Depths:1)
  2 spriggan air magi (Depths:1)
  7 ironbound frosthearts
  10 two-headed ogres
  8 alligators
  6 dancing weapons
  A radroach (Spider:4)
  14 centaur warriors
  4 death yaks
  2 thrashing horrors (Abyss:3)
  2 spriggan berserkers (Depths:1)
  3 tengu warriors (D:15)
  10 deep elf knights
  An iron troll (Orc:1)
  3 hell knights (Depths:1)
  7 spriggans
  Sonja (Orc:2)
  A wretched star (Abyss:4)
  A sixfirhy (Abyss:4)
  A sun moth (Spider:2)
  2 goliath frogs (Swamp:1)
  A pharaoh ant (Spider:4)
  2 spriggan druids (Swamp:4)
  A spatial maelstrom (Abyss:4)
  6 steelbarb worms
  2 orb spiders
  4 glowing orange brains
  5 swamp dragons
  A death drake (Swamp:4)
  25 deep trolls
  A bog body (Swamp:1)
  10 deep elf archers
  2 spectral hydras (Swamp:4)
  7 ironbound convokers
  2 phantasmal warriors
  10 wizards
  4 orc knights
  8 lindwurms
  26 deep elf zephyrmancers
  16 wolf spiders
  7 necromancers
  5 wolf spider zombies (Spider:3)
  20 deep elf pyromancers
  An orc sorcerer (Orc:2)
  Pikel (D:5)
  2 human zombies
  4 manticores
  32 ugly things
  2 will-o-the-wisps
  3 cyclopes
  An elf zombie (Vaults:1)
  2 moths of wrath
  A frost giant zombie (Vaults:1)
  5 elephants
  9 vault sentinels
  2 ice statues
  6 black mambas
  3 smoke demons
  A gargoyle (D:14)
  A torpor snail (Spider:4)
  9 cane toads
  A rime drake (Lair:5)
  16 yaktaurs
  2 redback zombies (Spider:3)
  4 ice devils (IceCv)
  6 komodo dragons
  4 freezing wraiths
  6 demonic crawlers
  2 hellwings (Abyss:3)
  An anaconda simulacrum (IceCv)
  A tengu conjurer (D:15)
  A meliai (Spider:4)
  A hydra zombie (Swamp:4)
  A wind drake (shapeshifter) (D:14)
  13 trolls
  A death drake zombie (Swamp:4)
  6 hornets
  3 raiju (Abyss:4)
  2 tyrant leeches
  6 tarantella zombies (Spider:3)
  4 culicivora zombies (Spider:3)
  A death drake skeleton (Swamp:4)
  14 tarantellas
  27 slime creatures
  7 blink frogs
  2 large abominations (Abyss:4)
  11 jumping spiders
  7 culicivoras
  An air elemental (Elf:3)
  A ynoxinul (Abyss:4)
  3 water elementals
  30 yaks
  4 wraiths
  A wyvern (Lair:2)
  4 basilisks
  A steam dragon (D:8)
  6 vampire mosquitoes
  9 redbacks
  A yaktaur simulacrum (Vaults:3)
  5 death yak simulacra
  5 wargs
  Edmund (D:5)
  17 swamp worms
  6 water moccasins
  5 hell hounds (Abyss:4)
  A glowing shapeshifter zombie (Vaults:4)
  3 hydra simulacra (Swamp:4)
  2 human skeletons (Vaults:3)
  12 orc warriors
  A sky beast (Abyss:4)
  A swamp drake (Swamp:4)
  A black bear (D:5)
  5 ice beasts (Lair:6)
  2 swamp dragon zombies (Swamp:4)
  6 wolves
  3 centaurs
  21 ogres
  A swamp dragon skeleton (Swamp:4)
  5 hexers
  A small abomination (Abyss:3)
  11 bullfrogs
  A cane toad simulacrum (IceCv)
  A necrophage (D:5)
  3 two-headed ogre simulacra (IceCv)
  5 wights (D:9)
  2 earth elementals (Elf:1)
  3 jellies
  Dowan (D:5)
  An elephant simulacrum (IceCv)
  10 killer bees
  An electric eel (Lair:5)
  A howler monkey (D:13)
  A hound (D:5)
  10 orc priests
  An iron imp (Abyss:4)
  4 iguanas
  Ijyb (D:3)
  13 orc wizards
  6 hell rats (Lair:2)
  A spriggan simulacrum (IceCv)
  4 troll simulacra (IceCv)
  18 gnolls
  2 naga simulacra (IceCv)
  6 adders
  5 white imps
  4 worms
  7 dart slugs
  57 orcs
  11 ball pythons
  3 bats
  9 endoplasms
  4 giant cockroaches
  7 goblins
  8 hobgoblins
  4 jackals (D:1)
  10 kobolds
  2 quokkas
  4 frilled lizards
  6 rats
  4 briar patches
1050 creatures vanquished.

Vanquished Creatures (collateral kills)
  Frederick (Vaults:3)
  Asterion (Spider:3)
  A walking divine tome (Depths:1)
  A vault warden (Vaults:1)
  A fire giant (Depths:1)
  2 deep elf sorcerers (Elf:3)
  3 ironbound preservers
  A stone giant (Depths:1)
  2 war gargoyles
  A broodmother (Spider:4)
  A very ugly thing (Vaults:4)
  3 deep elf annihilators
  2 deep elf demonologists
  3 eleionomae
  A lorocyproca (Abyss:4)
  2 dire elephants (Vaults:1)
  A bunyip (Swamp:1)
  2 entropy weavers
  An ettin (Depths:1)
  2 deep elf death magi
  A yaktaur captain (Vaults:2)
  Josephine (Orc:2)
  2 vault guards
  A jorogumo (Spider:2)
  An ice dragon (Depths:1)
  A boulder beetle (Vaults:3)
  2 hydras
  A spriggan air mage (Depths:1)
  3 ogre magi
  A catoblepas (Lair:6)
  6 two-headed ogres
  2 ironbound frosthearts
  A death knight (D:11)
  A dancing weapon (Elf:1)
  A vampire mage (Depths:1)
  2 alligators
  6 death yaks
  An orc high priest (Orc:2)
  2 hell knights (Depths:1)
  3 deep elf knights
  4 spriggans
  2 pharaoh ants
  A goliath frog (Swamp:1)
  3 spriggan druids
  10 deep trolls
  3 orb spiders (Spider:4)
  3 swamp dragons
  2 bog bodies
  An ironbound convoker (Vaults:2)
  A lindwurm (Lair:5)
  3 necromancers
  4 wizards
  A spectral hydra (Swamp:4)
  A wolf spider zombie (Spider:3)
  A deep elf zephyrmancer (Elf:2)
  7 deep elf pyromancers
  2 orc knights (Vaults:1)
  5 deep elf archers
  14 ugly things
  A tengu skeleton (Vaults:1)
  2 wolf spiders
  3 cyclopes
  3 manticores
  A fire giant skeleton (Vaults:4)
  2 vault sentinels (Vaults:2)
  2 elephants (Lair:1)
  An ice statue (IceCv)
  A stone giant skeleton (Vaults:1)
  An unseen horror (D:10)
  2 yaktaur zombies (Vaults:3)
  A demonic crawler (Spider:3)
  Maggie (D:8)
  5 yaktaurs
  3 komodo dragons
  A freezing wraith (Vaults:4)
  A hellwing (Abyss:3)
  6 trolls
  2 hydra zombies (Swamp:4)
  Grinder (D:6)
  4 tyrant leeches
  3 tarantellas
  2 blink frogs
  5 polar bears (Lair:6)
  2 hornets
  A culicivora zombie (Spider:3)
  A death drake skeleton (Swamp:4)
  2 tarantella zombies (Spider:3)
  10 slime creatures
  A shadow (D:11)
  9 jumping spiders
  A culicivora (Spider:2)
  A vampire (D:11)
  An air elemental (Elf:2)
  A water elemental (Depths:1)
  4 wraiths
  A wyvern (D:9)
  17 yaks
  3 basilisks
  4 redbacks
  A human simulacrum (Vaults:4)
  A death yak simulacrum (IceCv)
  4 vampire mosquitoes
  2 wargs (Orc:1)
  An acid dragon (D:11)
  4 swamp worms
  Duvessa (D:5)
  6 water moccasins
  3 swamp drakes (Swamp:4)
  4 orc warriors
  2 black bears
  2 ice beasts (Lair:6)
  3 ogres
  A wolf (Lair:3)
  A tengu (shapeshifter) (D:14)
  A swamp dragon skeleton (Swamp:4)
  A centaur (D:10)
  A kobold brigand (D:10)
  A bullfrog (Lair:2)
  2 gnoll sergeants (D:9)
  5 wights
  2 killer bees (D:9)
  A hound (D:7)
  3 jellies
  An orc priest (D:8)
  A hell rat (Lair:2)
  An iguana (Lair:2)
  3 orc wizards
  A polar bear simulacrum (Lair:6)
  2 spriggan simulacra (IceCv)
  A troll simulacrum (IceCv)
  2 wolf simulacra (Lair:6)
  3 gnolls (D:9)
  A white imp (Lair:6)
  An ufetubus (IceCv)
  9 orcs
  4 kobolds (D:10)
  2 briar patches (Swamp:3)
337 creatures vanquished.

Vanquished Creatures (others)
  2 vampire knights
  A jorogumo (Spider:4)
  A deep elf pyromancer (D:14)
  2 bloated husks (Swamp:3)
  A tarantella (Spider:4)
  A shadow (D:11)
  A swamp worm (Swamp:3)
  87 hexers
  An ancestor (D:5)
  4 briar patches
  A bush (Lair:2)
  12 foxfires
  23 fungi
  53 plants
  7 starspawn tentacles (Abyss:3)
197 creatures vanquished.

Grand Total: 1584 creatures vanquished

Notes
Turn   | Place    | Note
-------+----------+-------------------------------------------
     0 | D:1      | magipi the Minotaur Brigand began the quest for the Orb.
     0 | D:1      | Reached XP level 1. HP: 18/18 MP: 0/0
   123 | D:1      | Reached XP level 2. HP: 14/25 MP: 1/1
   661 | D:1      | Reached XP level 3. HP: 26/31 MP: 2/2
   783 | D:1      | Found Ussanat's Jewellery Shoppe.
   938 | D:2      | Found a faded altar of an unknown god.
  1307 | D:2      | Reached XP level 4. HP: 39/39 MP: 3/3
  1665 | D:2      | Reached XP level 5. HP: 46/46 MP: 4/4
  2566 | D:3      | Noticed Ijyb
  2608 | D:3      | Killed Ijyb
  3534 | D:4      | Found a staircase to the Ecumenical Temple.
  3544 | Temple   | Entered the Ecumenical Temple
  3719 | Temple   | Became a worshipper of Hepliaklqana the Forgotten
  3782 | D:4      | Reached skill level 5 in Throwing
  3931 | D:4      | Noticed an ogre
  3948 | D:4      | Killed an ogre
  3949 | D:4      | Reached skill level 1 in Evocations
  3949 | D:4      | Reached XP level 6. HP: 38/53 MP: 5/5
  4049 | D:4      | Reached skill level 1 in Armour
  4986 | D:5      | Entered Level 5 of the Dungeon
  5066 | D:5      | Reached skill level 5 in Fighting
  5262 | D:5      | Noticed Dowan
  5264 | D:5      | Noticed Edmund
  5408 | D:5      | Noticed Pikel
  5425 | D:5      | Killed Pikel
  5426 | D:5      | Reached XP level 7. HP: 14/62 MP: 6/6
  5815 | D:5      | Noticed a yak
  6033 | D:5      | Killed a yak
  6034 | D:5      | Reached XP level 8. HP: 70/70 MP: 7/7
  6106 | D:5      | Noticed Duvessa
  6190 | D:6      | Reached * piety under Hepliaklqana
  7148 | D:6      | Noticed Grinder
  7193 | D:6      | Killed Grinder
  7288 | D:5      | Killed Edmund
  7926 | D:7      | Reached skill level 5 in Armour
  7988 | D:7      | Reached XP level 9. HP: 69/71 MP: 8/8
  8125 | D:7      | Reached ** piety under Hepliaklqana
  8126 | D:7      | Remembered your ancestor Bohike as a hexer
  8650 | D:8      | Noticed Maggie
  8674 | D:8      | Killed Maggie
  8830 | D:8      | Found a bloodstained altar of Trog.
  8895 | D:8      | Found Ligiuv's Book Shop.
  8939 | D:8      | Reached skill level 1 in Long Blades
  9055 | D:8      | Noticed a two-headed ogre
  9411 | D:9      | Found Faemperr's Assorted Antiques.
  9727 | D:8      | Killed a two-headed ogre
  9728 | D:8      | Reached skill level 5 in Evocations
  9814 | D:9      | Found Yhem's Magic Scroll Emporium.
  9822 | D:9      | Bought a scroll of identify for 26 gold pieces
  9822 | D:9      | Bought a scroll of magic mapping for 45 gold pieces
  9822 | D:9      | Bought a scroll of identify for 26 gold pieces
  9822 | D:9      | Bought a scroll of fear for 45 gold pieces
  9822 | D:9      | Bought a scroll of noise for 13 gold pieces
  9825 | D:9      | Noticed an elephant
  9826 | D:9      | Found a staircase to the Lair.
  9841 | D:9      | Killed an elephant
  9842 | D:9      | Reached XP level 10. HP: 62/80 MP: 9/9
 10066 | D:9      | Found Pih Ishe's Book Boutique.
 10184 | D:9      | Found an opulent altar of Gozag.
 10184 | D:9      | Found a shadowy altar of Dithmenos.
 10429 | D:9      | Found Tolod's Magic Scroll Shop.
 10539 | D:9      | Bought a scroll of blinking for 105 gold pieces
 10539 | D:9      | Bought a scroll of fog for 28 gold pieces
 10539 | D:9      | Bought a scroll of teleportation for 42 gold pieces
 10584 | D:9      | Found Qiutu's Antique Armour Shoppe.
 10724 | D:9      | Bought an emerald potion for 23 gold pieces
 10724 | D:9      | Bought a fizzy green potion for 23 gold pieces
 10858 | D:10     | Entered Level 10 of the Dungeon
 10858 | D:10     | Noticed a two-headed ogre
 10867 | D:10     | Killed a two-headed ogre
 10962 | D:9      | Reached skill level 10 in Throwing
 11476 | D:10     | You fall into a shaft and drop 3 floors!
 11476 | D:13     | Reached *** piety under Hepliaklqana
 11479 | D:13     | Noticed a boulder beetle
 11485 | D:13     | Noticed a manticore
 11489 | D:13     | Killed a boulder beetle
 11490 | D:13     | Reached skill level 5 in Polearms
 11490 | D:13     | Reached XP level 11. HP: 60/87 MP: 8/10
 12035 | D:11     | Identified a scroll of acquirement
 12059 | D:11     | Acquired a manual of Polearms
 12088 | D:10     | Found a staircase to the Orcish Mines.
 12579 | D:11     | Noticed a white ugly thing
 12589 | D:11     | Killed a white ugly thing
 13235 | D:11     | Noticed a two-headed ogre
 13243 | D:11     | Killed a two-headed ogre
 13244 | D:11     | Reached skill level 10 in Polearms
 13498 | D:11     | Noticed a death knight
 13514 | D:11     | Killed a death knight
 14109 | D:12     | Reached **** piety under Hepliaklqana
 14364 | Lair:1   | Entered Level 1 of the Lair of Beasts
 14618 | Lair:1   | Reached skill level 1 in Invocations
 14627 | Lair:2   | Noticed a death yak
 14946 | Lair:2   | Reached skill level 2 in Invocations
 14946 | Lair:2   | Reached XP level 12. HP: 95/95 MP: 12/12
 14977 | Lair:2   | Found a staircase to the Swamp.
 15040 | Lair:2   | Reached skill level 10 in Fighting
 15040 | Lair:2   | Reached skill level 3 in Invocations
 15148 | Lair:2   | Noticed a four-headed hydra
 15156 | Lair:2   | Killed a four-headed hydra
 15247 | Lair:2   | Reached skill level 4 in Invocations
 15473 | Lair:2   | Found a hole to the Spider Nest.
 15512 | Lair:2   | Noticed a death yak
 15527 | Lair:2   | Noticed a death yak
 15533 | Lair:2   | Noticed a death yak
 15535 | Lair:2   | Noticed a death yak
 15877 | Lair:1   | Reached ***** piety under Hepliaklqana
 15934 | Lair:1   | Noticed a seven-headed hydra
 15966 | Lair:1   | Killed a seven-headed hydra
 16233 | Lair:1   | Reached skill level 5 in Invocations
 16463 | Lair:1   | Killed a death yak
 16464 | Lair:1   | Killed a death yak
 16717 | Lair:2   | Killed a death yak
 16719 | Lair:2   | Killed a death yak
 16720 | Lair:2   | Reached skill level 6 in Invocations
 16720 | Lair:2   | Reached skill level 10 in Evocations
 16727 | Lair:2   | Killed a death yak
 17043 | Lair:2   | Reached skill level 7 in Invocations
 17269 | Lair:3   | Reached skill level 8 in Invocations
 17314 | Lair:3   | Noticed Ririga's ghost (journeyman TrHW)
 17326 | Lair:3   | Found a transporter.
 17327 | Lair:3   | Found a bloodstained altar of Trog.
 17335 | Lair:3   | Found a transporter.
 17987 | Lair:4   | Reached XP level 13. HP: 98/101 MP: 12/18
 17995 | Lair:4   | Reached skill level 9 in Invocations
 18551 | D:1      | Bought the ring "Ytooh" {rF+ MP+9 Dex-2 SInv} for 442 gold
                  | pieces
 18793 | D:5      | Found a sacrificial altar of Ru.
 18793 | D:5      | Found a glowing golden altar of the Shining One.
 18801 | D:5      | Found a faded altar of an unknown god.
 18803 | D:5      | Found a faded altar of an unknown god.
 18804 | D:5      | Found a shimmering altar of Xom.
 19251 | D:5      | Killed Duvessa
 19253 | D:5      | Killed Dowan
 19649 | Lair:5   | Reached skill level 10 in Invocations
 20292 | Lair:6   | Entered Level 6 of the Lair of Beasts
 20361 | Lair:6   | Found a viscous altar of Jiyva.
 20361 | Lair:6   | Found a frozen archway.
 20373 | Lair:6   | Reached skill level 11 in Invocations
 20388 | Lair:6   | Found a staircase to the Slime Pits.
 20407 | IceCv    | Entered an ice cave
 21225 | IceCv    | Reached skill level 12 in Invocations
 21383 | IceCv    | Noticed a reaper
 21419 | IceCv    | Killed a reaper
 22191 | Lair:6   | Reached skill level 13 in Invocations
 22862 | Lair:6   | Reached skill level 14 in Invocations
 22862 | Lair:6   | Reached XP level 14. HP: 92/108 MP: 23/23
 22966 | Lair:6   | Reached skill level 1 in Shields
 23688 | Orc:1    | Entered Level 1 of the Orcish Mines
 24265 | Orc:1    | Found Poane's Distillery.
 24563 | Orc:2    | Entered Level 2 of the Orcish Mines
 24573 | Orc:2    | Noticed an orc warlord
 24607 | Orc:1    | Killed an orc warlord
 25060 | Orc:2    | Found a staircase to the Elven Halls.
 25448 | Orc:2    | Noticed Sonja
 25455 | Orc:2    | Killed Sonja
 26330 | Orc:2    | Found Wymesch's General Store.
 26582 | Orc:2    | Found Kestree's Assorted Antiques.
 26582 | Orc:2    | Found Qexkuev's Weapon Shop.
 26583 | Orc:2    | Found Peusmal's Antique Armour Shoppe.
 26591 | Orc:2    | Bought a scroll of blinking for 157 gold pieces
 26634 | Orc:2    | Bought a steaming scale mail for 315 gold pieces
 26634 | Orc:2    | Identified the +4 scale mail of Acruos {rC+ Will+} (You
                  | bought it in a shop on level 2 of the Orcish Mines)
 26651 | Orc:2    | Bought a potion of heal wounds for 105 gold pieces
 26651 | Orc:2    | Bought a scroll of magic mapping for 73 gold pieces
 26684 | Orc:2    | Reached skill level 5 in Shields
 26695 | Orc:2    | Noticed Josephine
 26701 | Orc:2    | Killed Josephine
 27141 | D:13     | Reached skill level 5 in Dodging
 27280 | D:12     | Found Dymos's Jewellery Shoppe.
 27416 | D:12     | Identified the +4 chain mail "Qicziuba" {rF+ Str+6}
 27601 | D:13     | Reached XP level 15. HP: 117/117 MP: 25/25
 28255 | D:13     | Found the amulet of the Air {Inacc Air Fly rElec RMsl}
 28791 | D:14     | Identified the +7 war axe of the Apocalypse {vorpal, rF+
                  | Str+4}
 29034 | D:14     | Reached ****** piety under Hepliaklqana
 29266 | D:14     | Found a gate to the Vaults.
 29286 | D:14     | Reached skill level 10 in Armour
 29417 | D:14     | Found a blossoming altar of Fedhas.
 29884 | D:15     | Entered Level 15 of the Dungeon
 29937 | D:15     | Reached skill level 15 in Invocations
 30256 | D:15     | Identified the +1 robe of Cocytus {Harm rElec Regen+
                  | Stlth+}
 30601 | D:15     | Found a staircase to the Depths.
 30601 | D:15     | Noticed a fire giant
 30666 | D:15     | Killed a fire giant
 31102 | D:9      | Bought a heavily runed buckler for 275 gold pieces
 31102 | D:9      | Identified the +2 buckler "Fiptag" {rF+ rC- Will+} (You
                  | bought it in a shop on level 9 of the Dungeon)
 31218 | Spider:1 | Entered Level 1 of the Spider Nest
 32373 | Spider:2 | Noticed an emperor scorpion
 32383 | Spider:2 | Killed an emperor scorpion
 32384 | Spider:2 | Reached XP level 16. HP: 106/126 MP: 26/26
 32594 | Spider:2 | Upgraded the game from 0.29-a0-717-g6dac4ea423 to
                  | 0.29-a0-721-g7f417c9bbb
 34457 | Spider:4 | Entered Level 4 of the Spider Nest
 34819 | Spider:3 | Got the Catalogue of the Snowflakes
 35179 | Spider:4 | Reached skill level 16 in Invocations
 35410 | Spider:4 | Reached skill level 10 in Shields
 35432 | Spider:4 | Noticed Asterion
 36376 | Spider:4 | Noticed an Executioner
 37149 | Spider:3 | Killed Asterion
 37217 | Spider:4 | Reached skill level 10 in Dodging
 37530 | Spider:4 | Got a gossamer rune of Zot
 37690 | Swamp:1  | Entered Level 1 of the Swamp
 37828 | Swamp:1  | Reached XP level 17. HP: 78/136 MP: 28/28
 39618 | Swamp:2  | Found a transporter.
 39657 | Swamp:2  | Noticed eyesofgods1's ghost (adept DsMo)
 39950 | Swamp:2  | Found a transporter.
 40140 | Swamp:3  | Found a transporter.
 40542 | Swamp:3  | Found a transporter.
 40688 | Swamp:3  | Gained mutation: You occasionally shout uncontrollably at
                  | your foes. [mutagenic glow]
 40758 | Swamp:3  | Identified the amulet "Molahir" {Acrobat rN+ Stlth+}
 40761 | Swamp:3  | Identified the -1 pair of boots of Instinct {Drain rElec
                  | Int+4}
 41109 | Swamp:4  | Entered Level 4 of the Swamp
 41270 | Swamp:4  | Noticed a tentacled monstrosity
 41285 | Swamp:4  | Killed a tentacled monstrosity
 41288 | Swamp:4  | Reached skill level 15 in Fighting
 43535 | Swamp:4  | Noticed Bai Suzhen
 43898 | Elf:1    | Entered Level 1 of the Elven Halls
 44875 | Elf:1    | Reached XP level 18. HP: 112/149 MP: 29/29
 45501 | Elf:1    | Reached skill level 1 in Maces & Flails
 46020 | Elf:1    | Reached skill level 5 in Maces & Flails
 46066 | Elf:1    | Identified the amulet "Yzagh" {Reflect Contam Int+7 SH+5}
 46221 | Elf:1    | Identified the +5 chain mail of Aholucwa {+Inv rPois Int+3
                  | Dex+5}
 46224 | Elf:1    | Identified the ring "Abirghash" {rC+ rCorr Int+4 SInv}
 48142 | Elf:2    | Reached skill level 10 in Maces & Flails
 48145 | Elf:2    | Found a runed translucent gate.
 48167 | Elf:2    | Found a runed translucent gate.
 48167 | Elf:2    | Found a runed translucent gate.
 48949 | Elf:3    | Entered Level 3 of the Elven Halls
 48962 | Elf:3    | Found Xairgh's Assorted Antiques.
 49215 | Elf:3    | Bought a twisted wooden wand for 156 gold pieces
 49842 | Elf:3    | Paralysed by an air elemental for 1 turns
 50162 | Elf:3    | Noticed a Brimstone Fiend
 50244 | Elf:3    | Noticed an Ice Fiend
 50512 | Elf:2    | Reached skill level 1 in Axes
 50590 | Elf:3    | Noticed a Hell Sentinel
 50613 | Abyss:3  | Cast into level 3 of the Abyss (a deep elf demonologist)
 50883 | Abyss:3  | Found a corrupted altar of Lugonu.
 50999 | Abyss:3  | Found a corrupted altar of Lugonu.
 51102 | Abyss:4  | Noticed a bone dragon
 51141 | Abyss:4  | Killed a bone dragon
 51150 | Abyss:4  | Found a blossoming altar of Fedhas.
 51237 | Abyss:4  | Paralysed by a great orb of eyes for 3 turns
 51270 | Abyss:4  | Noticed a bone dragon
 51339 | Elf:3    | Escaped the Abyss
 51498 | Elf:3    | Identified the +1 leather armour of a wizard's laboratory
                  | {Harm}
 51573 | Elf:3    | Reached XP level 19. HP: 150/156 MP: 30/30
 51647 | Elf:3    | Identified the +1 quarterstaff "Ohuisy" {flame, rC+ rN+}
 51893 | Elf:3    | Acquired 1156 gold pieces
 51915 | Elf:3    | Identified the +9 short sword "Ox" {spect, rC++ Will++}
 51933 | Elf:3    | Identified the +10 dagger of the Thoughtful Towns {flame,
                  | Drain rN+++ Dex+3}
 52058 | Elf:3    | Identified the ring of Diroxta {rF+ rC- MP+9 Str+8}
 52085 | Elf:3    | Identified the +6 scale mail of the Unseen Realm {Str+4}
 52090 | Elf:3    | Identified the +0 ring mail of Gehenna {Drain rPois rN+++
                  | Will-}
 52123 | Elf:3    | Identified the +6 plate armour of Rukheq {Will+}
 52339 | Elf:3    | Found Xairgh's Assorted Antiques.
 52989 | Vaults:1 | Entered Level 1 of the Vaults
 54034 | Vaults:1 | Found Rymmugin's Armour Shoppe.
 54080 | Vaults:1 | Reached skill level 5 in Axes
 54297 | D:9      | Bought a scroll of teleportation for 78 gold pieces
 54297 | D:9      | Bought 2 potions of might for 208 gold pieces
 55323 | Vaults:2 | Noticed Donald
 55338 | Vaults:2 | Killed Donald
 55444 | Vaults:2 | Found a staircase to the Crypt.
 56559 | Vaults:3 | Reached XP level 20. HP: 165/165 MP: 31/31
 57294 | Vaults:3 | Reached skill level 17 in Invocations
 57294 | Vaults:3 | Reached skill level 15 in Evocations
 57335 | Vaults:3 | Noticed Frederick
 57354 | Vaults:3 | Killed Frederick
 58004 | Vaults:3 | Reached skill level 15 in Armour
 59808 | Depths:1 | Entered Level 1 of the Depths
 59969 | Depths:1 | Reached skill level 15 in Polearms
 59990 | Depths:1 | Found a magical portal.
 60155 | Depths:1 | Found a one-way gate leading to the halls of Pandemonium.
 60523 | Depths:1 | Found a gateway to Hell.
 60723 | Depths:1 | Found a shadowy altar of Dithmenos.
 60835 | Depths:1 | Got the Grimoire of Bewitchment and the Volcanoes
 60932 | Depths:1 | Reached XP level 21. HP: 133/171 MP: 32/32
 61071 | Depths:1 | Reached skill level 18 in Invocations
 61189 | Depths:1 | Noticed a golden dragon
 61204 | Depths:1 | Killed a golden dragon
 61304 | Depths:1 | Noticed a juggernaut
 61332 | Depths:1 | Killed a juggernaut
 61724 | Depths:1 | Noticed an ancient lich
 61742 | Depths:1 | HP: 5/171 [ancient lich/crystal spear (49)]
 61742 | Depths:1 | Killed from afar by an ancient lich

Illustrated notes

Levels and vault maps discovered:
D:1:      eino_arrival_druids_welcome, layout_basic, serial_shops,
          nicolae_square_shop
D:2:      layout_basic, nicolae_ecumenical_oubliette, dk_vineyard_1
D:3:      kb_forest_paths, layout_basic, uniq_ijyb
D:4:      layout_basic, temple_pool_b, minmay_increasing_density
D:5:      layout_gridville, chequers_temple_overflow_minitemple, st_stairs_12,
          minmay_chambers_of_fives, uniq_pikel, uniq_edmund, uniq_duvessa
D:6:      layout_basic, uniq_grinder
D:7:      layout_loops_ring
D:8:      layout_basic, amcnicky_altar_gilded, serial_shops,
          nicolae_take_the_stairs, uniq_maggie
D:9:      layout_roguey, gammafunk_temple_overflow_pools, david_lair_generic,
          serial_shops, shop_statue, nicolae_shop_overgrown_old_shop,
          nicolae_shop_hallway_plus, shop, nicolae_diamond_shop
D:10:     layout_gridville
D:11:     layout_loops_corners, minmay_fractal_squares_gapless_7
D:12:     layout_roguey, serial_shops, nicolae_shop_stone
D:13:     layout_irregular_city
D:14:     layout_gridville, skrybe_vaults_entry_preservation, fedhas_altar_3
D:15:     grunt_enter_depths_giant_problem, layout_rooms, minmay_misc_feat_chi,
          interstate_on_off
Temple:   eino_temple_scatter_basement
Lair:1:   layout_small_grid
Lair:2:   layout_small_grid, minmay_swamp_entry_reptiles, spider_nest_entry_a,
          lemuel_fruit_fields, grunt_megastairs_4, infiniplex_staircase_pool
Lair:3:   layout_regular_city, gammafunk_ghost_wrathful_warriors
Lair:4:   layout_loops_ring
Lair:5:   layout_hall_layers, serial_bayou_shore_a
Lair:6:   evilmike_catoblepas_cave, layout_cave_pods,
          minmay_slime_entry_pillars, portal_ice_cave_entry_ice_simulacra,
          ice2_lemuel, serial_bayou_shore_b
Swamp:1:  layout_basic_swamp, hangedman_swamp_ruin_wall, swamp_pool1,
          hangedman_swamp_cone, infiniplex_staircase_pool_2
Swamp:2:  layout_falls_marsh, gammafunk_ghost_abyssal_escape,
          evilmike_swamp_ruin_house_1
Swamp:3:  gammafunk_worm_tunnel, layout_falls_marsh, evilmike_swamp_ruin_house_3
Swamp:4:  byrel_swamp_growth_death_and_undeath, layout_basic_swamp,
          uniq_bai_suzhen
Spider:1: layout_spider_delve
Spider:2: layout_chambers, nicolae_spider_nooks_and_crannies,
          nicolae_spider_cling_halls
Spider:3: lemuel_spider_zombies
Spider:4: hellmonk_spider_rune_endless_swarm, uniq_asterion
Orc:1:    layout_caves, serial_shops, nicolae_diamond_shop, mines5_lemuel
Orc:2:    st_orc_open, layout_caves, gauntlet_entry_generic,
          nicolae_orc_lava_tube, uniq_sonja, uniq_josephine
Elf:1:    eino_elf_arrival_shootout, layout_loops_corners,
          kennysheep_underground_church, dk_noncrumbling_2, solitary_fountain
Elf:2:    nicolae_elf_blades_splatter_lattice [nicolae_blade_lattice],
          layout_onion_city, drop_trap
Elf:3:    grunt_elf_hall_branching, layout_geoelf_octagon, serial_shops,
          nicolae_shop_overgrown_old_shop
Vaults:1: v_rooms_6, v_misc_11, nicolae_vaults_little_squares_1, v_pattern_5,
          nicolae_vaults_theta, hangedman_vaults_stitches,
          ontoclasm_vaults_misaligned, ontoclasm_vaults_decontamination,
          vaults_room_pool, v_rooms_1, vaults_room_semicircle,
          vaults_mumra_minichess_inversion, layout_vaults_maze_bifur,
          serial_shops, nicolae_diamond_shop
Vaults:2: vaults_room_door_hall, nicolae_vaults_back_hallway,
          vaults_dpeg_diagonal, ontoclasm_vaults_eye,
          minmay_crypt_entry_nasty_monster, vaults_dpeg_encased_lava,
          vaults_room_door_ring, ontoclasm_vaults_loading_screen,
          layout_vaults_omnigrid, uniq_donald
Vaults:3: hangedman_vaults_impose, v_misc_14, ontoclasm_vaults_claustrophobia,
          nicolae_vaults_network_barrier, v_rooms_4, hangedman_vaults_stream,
          nicolae_vaults_twisting_passages,
          vaults_standard_mumra_enter_the_diamond,
          nicolae_vaults_diagonal_hallway_6, layout_vaults_big_cross,
          uniq_frederick
Vaults:4: grunt_vaults_hallway_short, nicolae_vaults_lopsided_apartments,
          v_misc_19, v_misc_9, nicolae_vaults_theta,
          nicolae_vaults_circle_grid_b, layout_vaults_big_room
Depths:1: thingy_vault, layout_cave_pools, special_room
          [special_room_magic_class], mu_enter_wizlab_4,
          grunt_hell_entry_dis_grunt, nicolae_dithmenos_shadow_blocks,
          rand_demon_pan_entry_9, grunt_ministairs_6,
          chequers_serial_rivers_micro_e, kennysheep_pointless_box

Skill      XL: |  1  2  3  4  5  6  7  8  9 10 11 12 13 14 15 16 17 18 19 20 21 |
---------------+----------------------------------------------------------------+-----
Fighting       | 3 4 5 6 7 8 9 10 11 12 14 16 17 | 17.0
Throwing       | 3 4 5 6 7 8 9 10 12 | 12.6
Evocations     | 1 2 3 4 5 6 8 10 11 13 14 15 | 15.0
Armour         | 3 5 6 7 9 10 13 14 15 | 15.0
Long Blades    | 4 |  4.8
Polearms       | 5 13 14 15 | 15.5
Invocations    | 2 8 14 15 16 17 18 | 18.2
Shields        | 5 8 10 12 14 | 14.8
Dodging        | 5 7 10 11 12 13 | 13.0
Maces & Flails | 12 | 12.0
Axes           | 2 6 |  6.0
Short Blades   | |  2.1
Stealth        | |  3.2

Action                   |  1- 3 |  4- 6 |  7- 9 | 10-12 | 13-15 | 16-18 | 19-21 || total
-------------------------+-------+-------+-------+-------+-------+-------+-------++-------
Melee: Dagger            |    98 |   265 |   176 |       |     5 |    18 |       ||   562
       Headbutt          |    14 |    51 |    39 |   113 |   312 |   339 |   348 ||  1216
       Unarmed           |       |     1 |       |       |       |       |       ||     1
       Flail             |       |       |     3 |       |       |       |       ||     3
       Scimitar          |       |       |    53 |    63 |       |       |       ||   116
       Trident           |       |       |       |   462 |  1318 |  1425 |    26 ||  3231
       Demon whip        |       |       |       |       |       |   234 |    11 ||   245
       Lance             |       |       |       |       |       |       |  1248 ||  1248
Throw: Dart              |     5 |    13 |    17 |     8 |       |       |       ||    43
       Boomerang         |       |       |     1 |       |    83 |    19 |     2 ||   105
       Javelin           |       |       |       |       |    11 |     2 |     2 ||    15
Invok: Ancestor Identity |       |       |     1 |       |       |       |       ||     1
       Recall Ancestor   |       |       |     1 |     9 |     2 |    24 |     7 ||    43
       Ancestor Life: He |       |       |     1 |       |       |       |       ||     1
       Idealise          |       |       |       |     2 |     9 |    14 |    16 ||    41
Evoke: Wand              |       |       |       |       |    19 |    27 |     5 ||    51
       Lightning rod     |       |       |       |       |    17 |    12 |     5 ||    34
       Tin of tremorston |       |       |       |       |       |       |     4 ||     4
  Use: Potion            |       |       |     5 |     5 |     5 |    25 |     3 ||    43
       Scroll            |       |       |       |    23 |     7 |    19 |     4 ||    53
 Stab: Sleeping          |     5 |       |       |     2 |     4 |     1 |       ||    12
       Distracted        |     1 |       |     4 |    15 |    21 |    28 |    24 ||    93
       Confused          |       |       |     3 |    13 |    32 |    23 |    49 ||   120
       Paralysed         |       |       |       |       |    41 |   127 |    99 ||   267
Armor: Robe              |    14 |       |       |       |       |       |       ||    14
       Chain mail        |    12 |    58 |       |       |       |       |       ||    70
       Plate armour      |       |    47 |    74 |       |       |       |   175 ||   296
       Swamp dragon scal |       |       |    49 |   161 |   141 |   222 |       ||   573
       Skin              |       |       |     6 |       |       |       |       ||     6
       Scale mail        |       |       |       |       |    56 |   137 |     7 ||   200
Dodge: Dodged            |    35 |    61 |    94 |   164 |   315 |   544 |   160 ||  1373
       Repelled          |       |       |       |       |       |     5 |     1 ||     6
Block: Buckler           |       |    26 |    28 |     7 |       |       |       ||    61
       Kite shield       |       |       |       |   153 |   449 |   753 |   336 ||  1691
       Reflection        |       |       |       |       |    16 |    31 |    57 ||   104

Table legend: (Time is in decaauts)
 A = Elapsed time spent in this place.
 B = Non-inter-level travel time spent in this place.
 C = Inter-level travel time spent in this place.
 D = Time resting spent in this place.
 E = Time spent auto-exploring this place.
 F = Levels seen in this place.
 G = Mean time per level.
                   A        B        C        D        E       F      G
               +--------+--------+--------+--------+--------+-----+--------+
         Total |  60791 |  56017 |   4774 |  19877 |  13821 |  43 | 1413.7 |
       Dungeon |  20692 |  17846 |   2846 |   4610 |   6867 |  15 | 1379.5 |
        Temple |    194 |    181 |     13 |      0 |    141 |   1 |  194.0 |
          Lair |   6952 |   6122 |    830 |   1788 |    971 |   6 | 1158.7 |
         Swamp |   6286 |   6222 |     64 |   3674 |    197 |   4 | 1571.5 |
   Spider Nest |   6046 |   5753 |    293 |   2861 |    231 |   4 | 1511.5 |
  Orcish Mines |   3319 |   3155 |    164 |   1615 |     91 |   2 | 1659.5 |
   Elven Halls |   7341 |   7101 |    240 |   3068 |   1717 |   3 | 2447.0 |
        Vaults |   6129 |   5807 |    322 |    683 |   3032 |   4 | 1532.2 |
        Depths |   1824 |   1824 |      0 |    613 |    573 |   1 | 1824.0 |
         Abyss |    586 |    586 |      0 |     73 |      0 |   2 |  293.0 |
      Ice Cave |   1417 |   1417 |      0 |    889 |      0 |   1 | 1417.0 |
               +--------+--------+--------+--------+--------+-----+--------+

Top non-repeatable levels by time:
   Elf:1: 3346 daAuts
 Swamp:3: 2523 daAuts
   Elf:3: 2162 daAuts
 Swamp:1: 2111 daAuts
Spider:2: 2021 daAuts
     D:5: 1969 daAuts
     D:9: 1861 daAuts
   Orc:1: 1843 daAuts
Vaults:1: 1833 daAuts
   Elf:2: 1831 daAuts
Depths:1: 1824 daAuts
Spider:3: 1814 daAuts
    D:11: 1796 daAuts
  Lair:2: 1609 daAuts
    D:13: 1543 daAuts
